[Event "DEN-ch KK 2020"]
[Site "Svendborg"]
[Date "2020.10.15"]
[Round "4.4"]
[White "Haubro, Sigfred"]
[Black "Kakulidis, Ellen"]
[Result "1-0"]
[ECO "D04"]
[WhiteElo "2163"]
[BlackElo "2073"]
[Annotator "ChessBase"]
[PlyCount "161"]
[EventDate "2020.10.09"]
[EventType "tourn"]
[EventCountry "DEN"]
[SourceTitle "playchess.com"]
[Source "ChessBase"]
[SourceQuality "1"]
[TimeControl "40/5400+30:1800+30"]

1. Nf3 d5 2. d4 Nf6 3. e3 c5 4. b3 Nbd7 5. Bd3 g6 6. O-O Bg7 7. Bb2 O-O 8. Nbd2 b6 9. c4 Bb7 10. Rc1 Rc8 11. Qe2 cxd4 12. exd4 e6 13. Rcd1 Qc7 14. Ne5 dxc4 15. bxc4 Nxe5 16. dxe5 Nd7 17. f4 Nc5 18. Bc2 Rfd8 19. Rc1 Rd7 20. Nf3 Rcd8 21. Rfd1 Bh6 22. Ng5 Qc6 23. Rxd7 Rxd7 24. Ba3 Rd4 25. Rf1 Ba6 26. Qf2 Qd7 27. Bxc5 bxc5 28. Ne4 Rxe4 29. Bxe4 Bxc4 30. Rc1 Bd3 31. Bxd3 Qxd3 32. g3 Bf8 33. Qc2 Qe3+ 34. Kg2 Qa3 35. Rd1 Qa6 36. Rd8 Kg7 37. h4 Qc6+ 38. Kh2 c4 39. Qc3 Qa4 40. Rd2 Bb4 41. Qxc4 Qa3 42. Rc2 Be1 43. Qb3 Qxb3 44. axb3 a5 45. Kh3 h6 46. Rc1 Bd2 47. Rd1 Bc3 48. Rd3 Be1 49. Kg4 h5+ 50. Kf3 Kf8 51. Rd1 Bb4 52. Ke4 Ke7 53. Rc1 Kd7 54. Kf3 Ba3 55. Rc2 Bb4 56. Kg2 Be1 57. Kh3 Bb4 58. g4 hxg4+ 59. Kxg4 Ke7 60. Kg5 Kf8 61. h5 gxh5 62. Kxh5 Kg7 63. Kg4 Kg6 64. Rc6 Kg7 65. f5 exf5+ 66. Kxf5 Be1 67. e6 fxe6+ 68. Kxe6 Bb4 69. Rc7+ Kg6 70. Rf7 Bc3 71. Rf2 Kg5 72. Kd5 Be1 73. Rf1 Bb4 74. Kc4 Kg6 75. Kb5 Kg5 76. Ra1 Kf6 77. Rxa5 Bxa5 78. Kxa5 Ke6 79. Kb6 Kd6 80. b4 Kd7 81. Kb7 1-0

[Event "DEN-ch KK 2020"]
[Site "Svendborg"]
[Date "2020.10.15"]
[Round "4.8"]
[White "Guindy, Esmat Susanne"]
[Black "Kolbak, Jens"]
[Result "0-1"]
[ECO "A14"]
[WhiteElo "2131"]
[BlackElo "2114"]
[Annotator "NA"]
[PlyCount "78"]
[EventDate "2020.10.09"]
[EventType "tourn"]
[EventCountry "DEN"]
[SourceTitle "playchess.com"]
[Source "ChessBase"]
[SourceQuality "1"]
[TimeControl "40/5400+30:1800+30"]

1. Nf3 Nf6 2. c4 e6 3. g3 d5 4. Bg2 Be7 5. O-O O-O 6. d4 c6 7. Qc2 Ne4 8. Nc3 f5 9. Ne5 Nd7 10. Rd1 Qe8 11. f3 Nxc3 12. Qxc3 Nxe5 13. dxe5 b5 14. cxb5 cxb5 15. Be3 b4 16. Qd2 Qb5 17. Rac1 a5 18. Rc7 Bd8 19. Rc5 Qb8 20. Rdc1 Bd7 21. f4 Kh8 22. R5c2 Bb6 23. Bxb6 Qxb6+ 24. e3 b3 25. axb3 Qxb3 26. Rc7 Bb5 27. Rb7 Rab8 28. Rcc7 Rxb7 29. Rxb7 Qc4 30. b3 Qc6 31. Ra7 Ra8 32. Rxa5 Rxa5 33. Qxa5 Qc1+ 34. Kf2 Qc2+ 35. Kg1 Qd1+ 36. Kf2 Qe2+ 37. Kg1 Qxe3+ 38. Kh1 Qc1+ 39. Bf1 Qxf1# 0-1

[Event "DEN-ch KK 2020"]
[Site "Svendborg"]
[Date "2020.10.15"]
[Round "4.9"]
[White "Meskenas, Paulius"]
[Black "Kistrup, Nicolai"]
[Result "0-1"]
[ECO "A45"]
[WhiteElo "2032"]
[BlackElo "2128"]
[Annotator "NA"]
[PlyCount "38"]
[EventDate "2020.10.09"]
[EventType "tourn"]
[EventCountry "DEN"]
[SourceTitle "playchess.com"]
[Source "ChessBase"]
[SourceQuality "1"]
[TimeControl "40/5400+30:1800+30"]

1. d4 Nf6 2. Bf4 e6 3. Nc3 Bb4 4. Qd3 d5 5. f3 O-O 6. g4 c5 7. e3 Nc6 8. Nge2 Re8 9. Kf2 e5 10. dxe5 Nxe5 11. Bxe5 Rxe5 12. Rd1 Bxg4 13. Ng3 Qe7 14. Be2 c4 15. Qd2 Bc5 16. Nf1 Bh3 17. Re1 Re8 18. Nd1 Nh5 19. Ng3 Rxe3 0-1

[Event "DEN-ch KK 2020"]
[Site "Svendborg"]
[Date "2020.10.15"]
[Round "4.10"]
[White "Rossen, Claus"]
[Black "Nilssen, Ellen Fredericia"]
[Result "0-1"]
[ECO "C15"]
[WhiteElo "2099"]
[BlackElo "2209"]
[Annotator "ChessBase"]
[PlyCount "62"]
[EventDate "2020.10.09"]
[EventType "tourn"]
[EventCountry "DEN"]
[SourceTitle "playchess.com"]
[Source "ChessBase"]
[SourceQuality "1"]
[TimeControl "40/5400+30:1800+30"]

1. e4 e6 2. d4 d5 3. Nc3 Bb4 4. a3 Bxc3+ 5. bxc3 dxe4 6. Qg4 Nf6 7. Qxg7 Rg8 8. Qh6 Bd7 9. Bb2 c5 10. O-O-O Bc6 11. f3 Nbd7 12. c4 Rg6 13. Qe3 cxd4 14. Bxd4 Qa5 15. fxe4 Ng4 16. Qd2 Qxa3+ 17. Bb2 Qe3 18. Bd3 Nc5 19. h3 Qxd2+ 20. Rxd2 Nh6 21. Nf3 Bxe4 22. Ne5 Bxd3 23. Bd4 Rg5 24. Nf3 Rf5 25. Bxc5 Bxc4 26. Be3 Ra5 27. Kb2 Nf5 28. Bf2 Bd5 29. Re1 Nd6 30. Rd4 Rc8 31. Rb1 Ra2+ 0-1

[Event "DEN-ch KK 2020"]
[Site "Svendborg"]
[Date "2020.10.15"]
[Round "4.11"]
[White "Hald Falkesgaard, Jeppe"]
[Black "Easwaralingam, Adesh"]
[Result "1/2-1/2"]
[ECO "E44"]
[WhiteElo "1984"]
[BlackElo "2110"]
[Annotator "ChessBase"]
[PlyCount "97"]
[EventDate "2020.10.09"]
[EventType "tourn"]
[EventCountry "DEN"]
[SourceTitle "playchess.com"]
[Source "ChessBase"]
[SourceQuality "1"]
[TimeControl "40/5400+30:1800+30"]

1. d4 Nf6 2. c4 e6 3. Nc3 Bb4 4. e3 b6 5. Nge2 Bb7 6. a3 Be7 7. Nf4 d6 8. Bd3 g5 9. Nh5 Nxh5 10. Qxh5 Nd7 11. e4 Bf6 12. Be3 a6 13. O-O Qe7 14. Rac1 c5 15. d5 O-O-O 16. Na4 Qe8 17. Qd1 Kb8 18. b4 Ka7 19. Rb1 Rc8 20. Qb3 Qd8 21. Nc3 Qc7 22. Be2 h5 23. Na4 g4 24. bxc5 dxc5 25. Rfd1 Rhe8 26. dxe6 Rxe6 27. Rxd7 Qxd7 28. Nxb6 Qc7 29. Nxc8+ Qxc8 30. Bxc5+ Ka8 31. Be3 Bxe4 32. Rd1 Qc6 33. Bf4 Qb7 34. Qxb7+ Kxb7 35. c5 Be5 36. Bxe5 Rxe5 37. Rc1 f5 38. g3 Re6 39. Bc4 Rf6 40. Bb3 Kc7 41. Kf1 f4 42. Re1 Bd3+ 43. Kg1 fxg3 44. hxg3 Rf5 45. Rc1 Be4 46. Re1 Bf3 47. Rc1 Be4 48. Re1 Bf3 49. Rc1 1/2-1/2

[Event "DEN-ch KK 2020"]
[Site "Svendborg"]
[Date "2020.10.15"]
[Round "4.12"]
[White "Holm, Filip"]
[Black "Steffensen, Elena"]
[Result "0-1"]
[ECO "B06"]
[WhiteElo "2210"]
[BlackElo "2081"]
[Annotator "NA"]
[PlyCount "72"]
[EventDate "2020.10.09"]
[EventType "tourn"]
[EventCountry "DEN"]
[SourceTitle "playchess.com"]
[Source "ChessBase"]
[SourceQuality "1"]
[TimeControl "40/5400+30:1800+30"]

1. e4 g6 2. d4 Bg7 3. Nc3 c6 4. Be3 d6 5. f4 h5 6. Nf3 Bg4 7. h3 Bxf3 8. Qxf3 Qb6 9. O-O-O Nd7 10. g4 hxg4 11. hxg4 Rxh1 12. Qxh1 Ngf6 13. Bh3 O-O-O 14. g5 Ne8 15. Qf3 Kb8 $18 16. f5 gxf5 17. Qxf5 Ne5 18. Bg1 Nc4 19. b3 Qb4 20. Nb1 Na5 21. Qxf7 c5 22. a3 Qb5 23. dxc5 Qe2 24. Be6 Qxe4 25. b4 Nc6 26. b5 Qe5 27. c3 Qxg5+ 28. Kb2 Ne5 29. Qf2 d5 30. Bxd5 Rxd5 31. c6 b6 32. Rxd5 Nc4+ 33. Ka1 Qxd5 34. Bh2+ Be5 35. Bxe5+ Qxe5 36. Qf8 Ncd6 0-1

[Event "DEN-ch KK 2020"]
[Site "Svendborg"]
[Date "2020.10.16"]
[Round "5.1"]
[White "Rewitz, Poul"]
[Black "Carstensen, Jacob"]
[Result "0-1"]
[ECO "A28"]
[WhiteElo "2222"]
[BlackElo "2350"]
[Annotator "ChessBase"]
[PlyCount "112"]
[EventDate "2020.10.09"]
[EventType "tourn"]
[EventCountry "DEN"]
[SourceTitle "playchess.com"]
[Source "ChessBase"]
[SourceQuality "1"]
[TimeControl "40/5400+30:1800+30"]

1. c4 e5 2. Nc3 Nf6 3. Nf3 Nc6 4. d4 exd4 5. Nxd4 Bb4 6. Nxc6 Bxc3+ 7. bxc3 bxc6 8. Bg5 h6 9. Bxf6 Qxf6 10. Qd4 d6 11. Qxf6 gxf6 12. g3 Rb8 13. e3 Bf5 14. Bg2 c5 15. Bc6+ Ke7 16. Ke2 Rb2+ 17. Kf3 Bd3 18. Bd5 Rhb8 19. Kg2 R8b6 20. a4 a5 21. h4 c6 22. Bf3 Bxc4 23. h5 Rd2 24. Rhb1 Rdb2 25. Rxb2 Rxb2 26. Bxc6 f5 27. e4 fxe4 28. Bxe4 d5 29. Bf3 Rc2 30. Re1+ Kf6 31. Re3 Ra2 32. Re8 Rxa4 33. Rc8 d4 34. cxd4 cxd4 35. Be4 Rb4 36. f4 Rb2+ 37. Kg1 Re2 38. Rxc4 Rxe4 39. Kf2 Kf5 40. Ra4 d3 41. Rxa5+ Kg4 42. Rd5 Re2+ 43. Kf1 Re3 44. f5 Rf3+ 45. Ke1 f6 46. Rd4+ Kxg3 47. Kd2 Rxf5 48. Kxd3 Rxh5 49. Ke2 Rf5 50. Rd3+ Kg2 51. Rd6 h5 52. Ke3 h4 53. Ke4 Rf2 54. Rd8 f5+ 55. Ke5 h3 56. Rg8+ Kf1 0-1

[Event "DEN-ch KK 2020"]
[Site "Svendborg"]
[Date "2020.10.16"]
[Round "5.2"]
[White "Thorsbro, Peter"]
[Black "Haubro, Sigfred"]
[Result "1/2-1/2"]
[ECO "A40"]
[WhiteElo "2165"]
[BlackElo "2163"]
[Annotator "NA"]
[PlyCount "90"]
[EventDate "2020.10.09"]
[EventType "tourn"]
[EventCountry "DEN"]
[SourceTitle "playchess.com"]
[Source "ChessBase"]
[SourceQuality "1"]
[TimeControl "40/5400+30:1800+30"]

1. d4 e6 2. Bf4 f5 3. e3 Nf6 4. Nf3 Be7 5. Bd3 b6 6. h3 O-O 7. c4 Bb7 8. Nc3 Ne4 9. O-O d6 10. Bxe4 fxe4 11. Nd2 d5 12. cxd5 exd5 13. Qb3 Kh8 14. Rfc1 c6 15. Qd1 Nd7 $11 16. Nf1 Nf6 17. Ng3 Bc8 18. Nce2 Bd7 19. Be5 Qe8 20. Nf4 Qf7 21. Rc2 Rac8 22. Qe2 c5 23. dxc5 bxc5 24. Rd1 Bc6 25. Nf5 Rfd8 26. Qa6 Bf8 27. Nd6 Bxd6 28. Bxd6 Bb7 29. Qxa7 Rxd6 30. Rxc5 Rxc5 31. Qxc5 Qd7 32. Ne2 Qc6 33. Qb4 Qb6 34. Qc3 h6 35. Nd4 Kh7 36. b4 Rd8 37. a4 Rc8 38. Qa3 Qd6 39. a5 Rc4 40. Rb1 Nd7 41. Qa4 Ne5 42. Qe8 Rc8 43. Qa4 Rc4 44. Qe8 Rc8 45. Qa4 Rc4 1/2-1/2

[Event "DEN-ch KK 2020"]
[Site "Svendborg"]
[Date "2020.10.16"]
[Round "5.3"]
[White "Georgescu, Lena"]
[Black "Thuesen, Mogens"]
[Result "1/2-1/2"]
[ECO "C16"]
[WhiteElo "2276"]
[BlackElo "2210"]
[Annotator "ChessBase"]
[PlyCount "39"]
[EventDate "2020.10.09"]
[EventType "tourn"]
[EventCountry "DEN"]
[SourceTitle "playchess.com"]
[Source "ChessBase"]
[SourceQuality "1"]
[TimeControl "40/5400+30:1800+30"]

1. e4 e6 2. d4 d5 3. Nc3 Bb4 4. e5 Ne7 5. Bd2 b6 6. Qg4 Nf5 7. Bd3 h5 8. Qf4 g5 9. Qxg5 Qxg5 10. Bxg5 Nxd4 11. O-O-O Be7 12. h4 c5 13. f4 Ba6 14. Bxa6 Nxa6 15. Nge2 Nxe2+ 16. Nxe2 Nb4 17. c3 Nc6 18. b3 Kf8 19. Rh3 b5 20. Kb2 1/2-1/2

[Event "DEN-ch KK 2020"]
[Site "Svendborg"]
[Date "2020.10.16"]
[Round "5.4"]
[White "Kolbak, Jens"]
[Black "Jaksland, Tim"]
[Result "1/2-1/2"]
[ECO "D38"]
[WhiteElo "2114"]
[BlackElo "2247"]
[Annotator "ChessBase"]
[PlyCount "27"]
[EventDate "2020.10.09"]
[EventType "tourn"]
[EventCountry "DEN"]
[SourceTitle "playchess.com"]
[Source "ChessBase"]
[SourceQuality "1"]
[TimeControl "40/5400+30:1800+30"]

1. Nf3 Nf6 2. c4 e6 3. Nc3 d5 4. d4 Bb4 5. e3 O-O 6. Bd3 dxc4 7. Bxc4 b6 8. O-O Bb7 9. Qe2 Nbd7 10. Ba6 Qc8 11. Bxb7 Qxb7 12. Bd2 Rfe8 13. Rac1 Rac8 14. Ne4 1/2-1/2

[Event "DEN-ch KK 2020"]
[Site "Svendborg"]
[Date "2020.10.16"]
[Round "5.5"]
[White "Laursen, Niels Norskov"]
[Black "Nilssen, Ellen Fredericia"]
[Result "1-0"]
[ECO "C09"]
[WhiteElo "2247"]
[BlackElo "2209"]
[Annotator "ChessBase"]
[PlyCount "121"]
[EventDate "2020.10.09"]
[EventType "tourn"]
[EventCountry "DEN"]
[SourceTitle "playchess.com"]
[Source "ChessBase"]
[SourceQuality "1"]
[TimeControl "40/5400+30:1800+30"]

1. e4 e6 2. d4 d5 3. Nd2 c5 4. Ngf3 Nc6 5. exd5 exd5 6. Bb5 Qe7+ 7. Be2 Qc7 8. O-O Nf6 9. Re1 cxd4 10. Nb3 Be7 11. Nbxd4 O-O 12. Bg5 Re8 13. c3 a6 14. h3 Bd7 15. Bd3 h6 16. Bh4 Qb6 17. Qb3 Qxb3 18. Nxb3 Rad8 19. Nbd4 Nxd4 20. Nxd4 g5 21. Bg3 Bc5 22. Nb3 Bb6 23. Be5 Ne4 24. Bd4 Bxd4 25. Nxd4 Nc5 26. Bc2 Ba4 27. Bf5 Bd7 28. Bxd7 Nxd7 29. Nf5 Ne5 30. Nxh6+ Kg7 31. Nf5+ Kg6 32. Ne3 Nd3 33. Re2 d4 34. cxd4 Rxd4 35. Rd2 Red8 36. Rad1 f5 37. Nc2 R4d7 38. Nb4 Nc5 39. Rxd7 Rxd7 40. Rxd7 Nxd7 41. Nd3 f4 42. Kf1 Kf5 43. Ke2 g4 44. hxg4+ Kxg4 45. a3 a5 46. Kd2 f3 47. g3 b5 48. Ke3 a4 49. Ke4 Nb6 50. Ne5+ Kh5 51. Kxf3 Kg5 52. Ke4 Kf6 53. f4 Ke6 54. g4 Nd5 55. f5+ Kd6 56. g5 b4 57. axb4 Nxb4 58. g6 Nd5 59. Ng4 Ne7 60. Nf6 a3 61. bxa3 1-0

[Event "DEN-ch KK 2020"]
[Site "Svendborg"]
[Date "2020.10.16"]
[Round "5.6"]
[White "Kistrup, Nicolai"]
[Black "Nordenbaek, Jan"]
[Result "1-0"]
[ECO "E04"]
[WhiteElo "2128"]
[BlackElo "2238"]
[Annotator "ChessBase"]
[PlyCount "51"]
[EventDate "2020.10.09"]
[EventType "tourn"]
[EventCountry "DEN"]
[SourceTitle "playchess.com"]
[Source "ChessBase"]
[SourceQuality "1"]
[TimeControl "40/5400+30:1800+30"]

1. d4 Nf6 2. c4 e6 3. g3 d5 4. Bg2 dxc4 5. Nf3 a6 6. O-O Nc6 7. e3 Rb8 8. Qe2 b5 9. b3 cxb3 10. axb3 Bb7 11. Ne1 Nb4 12. Bxb7 Rxb7 13. Ba3 Rb6 14. Bxb4 Bxb4 15. Rxa6 c6 16. Qa2 O-O 17. Nd3 Nd5 18. Rc1 Qd6 19. Rxb6 Nxb6 20. Qa6 Rb8 21. Nxb4 Qxb4 22. Qa7 Qf8 23. Rxc6 Nd5 24. Nc3 Nb4 25. Rc7 Nd3 26. Rxf7 1-0

[Event "DEN-ch KK 2020"]
[Site "Svendborg"]
[Date "2020.10.16"]
[Round "5.8"]
[White "Rey Malde, Henrique"]
[Black "Liu, Casper"]
[Result "1-0"]
[ECO "B61"]
[WhiteElo "2201"]
[BlackElo "2155"]
[Annotator "ChessBase"]
[PlyCount "61"]
[EventDate "2020.10.09"]
[EventType "tourn"]
[EventCountry "DEN"]
[SourceTitle "playchess.com"]
[Source "ChessBase"]
[SourceQuality "1"]
[TimeControl "40/5400+30:1800+30"]

1. e4 c5 2. Nf3 d6 3. d4 cxd4 4. Nxd4 Nf6 5. Nc3 Nc6 6. Bg5 Bd7 7. Qd2 Rc8 8. f4 Nxd4 9. Qxd4 Qa5 10. e5 dxe5 11. fxe5 e6 12. O-O-O Bc5 13. Qd3 Nd5 14. Nxd5 exd5 15. Qxd5 Bc6 16. Bd2 Qb6 17. Qc4 O-O 18. e6 fxe6 19. Qxe6+ Kh8 20. Bc3 Ba4 21. Bxg7+ Kxg7 22. Qg4+ Kh8 23. Qxa4 Rf2 24. Kb1 Ba3 25. Qxa3 Rcxc2 26. Ka1 Qd4 27. Bb5 Qe5 28. Rd8+ Kg7 29. Rd7+ Kh8 30. Rd8+ Kg7 31. Qg3+ 1-0

[Event "DEN-ch KK 2020"]
[Site "Svendborg"]
[Date "2020.10.16"]
[Round "5.9"]
[White "Easwaralingam, Adesh"]
[Black "Matthiesen, Martin"]
[Result "1/2-1/2"]
[ECO "B31"]
[WhiteElo "2110"]
[BlackElo "2301"]
[Annotator "ChessBase"]
[PlyCount "81"]
[EventDate "2020.10.09"]
[EventType "tourn"]
[EventCountry "DEN"]
[SourceTitle "playchess.com"]
[Source "ChessBase"]
[SourceQuality "1"]
[TimeControl "40/5400+30:1800+30"]

1. e4 c5 2. Nf3 Nc6 3. Bb5 g6 4. Bxc6 dxc6 5. d3 Bg7 6. h3 Qc7 7. O-O b6 8. a4 a5 9. Na3 Nf6 10. Be3 Ba6 11. Qc1 e5 12. Bh6 O-O 13. b3 Nh5 14. Bxg7 Nxg7 15. Qe3 Rae8 16. Nc4 f5 17. exf5 Nxf5 18. Qd2 e4 19. dxe4 Bxc4 20. bxc4 Nd6 21. Qd3 Nxe4 22. Rfe1 Nf6 23. Ng5 Qd7 24. Rab1 Rxe1+ 25. Rxe1 Re8 26. Rd1 Qxd3 27. cxd3 h6 28. Nf3 Re2 29. Ra1 Rb2 30. Ne5 Nh5 31. g3 g5 32. Nxc6 Nf6 33. Ne5 Rb4 34. Kg2 Kg7 35. Kf3 Rb3 36. Ke3 Rb4 37. Nc6 Rb3 38. Ne5 Rb4 39. Kf3 Rb3 40. Ke2 Rb2+ 41. Kf3 1/2-1/2

[Event "DEN-ch KK 2020"]
[Site "Svendborg"]
[Date "2020.10.16"]
[Round "5.10"]
[White "Meskenas, Paulius"]
[Black "Guindy, Esmat Susanne"]
[Result "1/2-1/2"]
[ECO "C02"]
[WhiteElo "2032"]
[BlackElo "2131"]
[Annotator "ChessBase"]
[PlyCount "123"]
[EventDate "2020.10.09"]
[EventType "tourn"]
[EventCountry "DEN"]
[SourceTitle "playchess.com"]
[Source "ChessBase"]
[SourceQuality "1"]
[TimeControl "40/5400+30:1800+30"]

1. e4 e6 2. d4 d5 3. e5 c5 4. c3 Nc6 5. Nf3 Qb6 6. Bd3 cxd4 7. cxd4 Bd7 8. O-O Nxd4 9. Nxd4 Qxd4 10. Nc3 a6 11. Re1 Ne7 12. Be3 Qxe5 13. Bc5 Qc7 14. Bd4 Bc6 15. Rc1 Ng6 16. g3 Rd8 17. Qh5 Qd7 18. f4 Ne7 19. Re2 Qd6 20. a3 Bd7 21. b4 Rc8 22. Rce1 Rxc3 23. Bxc3 Qb6+ 24. Kf1 g6 25. Qe5 Rg8 26. Bd4 Qd8 27. Bc5 Nc6 28. Qxd5 Bxc5 29. Qxc5 Qe7 30. Qb6 Qd6 31. Be4 Ke7 32. Qe3 Rc8 33. Rd2 Qc7 34. Qc5+ Ke8 35. Red1 Nb8 36. Qd4 Bb5+ 37. Kf2 Nc6 38. Qc5 Qe7 39. Rd6 Qf6 40. Rd7 Na7 41. Qd4 Qxd4+ 42. R7xd4 Nc6 43. Rd6 Ba4 44. R1d2 h5 45. h3 Nd8 46. g4 hxg4 47. hxg4 Ke7 48. g5 Ke8 49. Bf3 Ke7 50. Bd1 Bc6 51. Bb3 Rb8 52. R6d4 Be8 53. Rc2 Nc6 54. Rd3 Bd7 55. Rcd2 Be8 56. Rd6 Rc8 57. Ba4 Ra8 58. Ke3 Ra7 59. Bd1 Ra8 60. Bf3 Rc8 61. Ke2 Nd8 62. Kf2 1/2-1/2

[Event "DEN-ch KK 2020"]
[Site "Svendborg"]
[Date "2020.10.16"]
[Round "5.11"]
[White "Steffensen, Elena"]
[Black "Hald Falkesgaard, Jeppe"]
[Result "1-0"]
[ECO "B23"]
[WhiteElo "2081"]
[BlackElo "1984"]
[Annotator "NA"]
[PlyCount "87"]
[EventDate "2020.10.09"]
[EventType "tourn"]
[EventCountry "DEN"]
[SourceTitle "playchess.com"]
[Source "ChessBase"]
[SourceQuality "1"]
[TimeControl "40/5400+30:1800+30"]

1. e4 c5 2. Nc3 Nc6 3. f4 g6 4. Nf3 Bg7 5. g3 e6 6. Bg2 Nge7 7. O-O O-O 8. d3 d5 9. e5 a6 10. a3 b5 11. Ne2 f6 12. exf6 Bxf6 13. c3 Nf5 14. g4 Nd6 15. Be3 $11 Nb7 16. d4 Be7 17. Ne5 Nxe5 18. fxe5 Na5 19. Nf4 Nc4 20. Bc1 b4 21. axb4 cxb4 22. b3 Na5 23. c4 g5 24. Nxd5 Rxf1+ 25. Qxf1 exd5 26. Bxd5+ Kh8 27. Rxa5 Rb8 28. Ra2 Bxg4 29. Be3 Qd7 30. Rxa6 Bh3 31. Qf3 g4 32. Qf7 Rf8 33. Ra8 Rxa8 34. Bxa8 Qa7 35. Qe8+ Kg7 36. Qa4 Qb8 37. Qa6 Kh8 38. Bg2 Qf8 39. Qa8 Bd8 40. Bxh3 gxh3 41. Bg5 Be7 42. Qxf8+ Bxf8 43. d5 Kg7 44. d6 1-0

[Event "DEN-ch KK 2020"]
[Site "Svendborg"]
[Date "2020.10.16"]
[Round "5.12"]
[White "Rossen, Claus"]
[Black "Holm, Filip"]
[Result "1-0"]
[ECO "B06"]
[WhiteElo "2099"]
[BlackElo "2210"]
[Annotator "ChessBase"]
[PlyCount "61"]
[EventDate "2020.10.09"]
[EventType "tourn"]
[EventCountry "DEN"]
[SourceTitle "playchess.com"]
[Source "ChessBase"]
[SourceQuality "1"]
[TimeControl "40/5400+30:1800+30"]

1. e4 g6 2. d4 Bg7 3. Nc3 d6 4. Bg5 Nd7 5. Nf3 Ngf6 6. e5 dxe5 7. dxe5 Ng4 8. e6 fxe6 9. Bc4 Bxc3+ 10. bxc3 Kf7 11. Bxe6+ Kxe6 12. Nd4+ Kf7 13. Qxg4 Nf6 14. Qh4 Qd5 15. O-O c5 16. Nf3 h6 17. Rfe1 Bf5 18. Rxe7+ Kxe7 19. Bxf6+ Kf7 20. Ne5+ Ke6 21. Bxh8 Rxh8 22. Re1 g5 23. Qh5 Kf6 24. c4 Qg8 25. Qf3 Qc8 26. g4 Re8 27. Nd3 Rxe1+ 28. Nxe1 Kg7 29. Qxf5 Qe8 30. Nd3 Qe2 31. Qe5+ 1-0

[Event "DEN-ch KK 2020"]
[Site "Svendborg"]
[Date "2020.10.17"]
[Round "6.1"]
[White "Haubro, Sigfred"]
[Black "Rewitz, Poul"]
[Result "0-1"]
[ECO "A04"]
[WhiteElo "2163"]
[BlackElo "2222"]
[Annotator "ChessBase"]
[PlyCount "84"]
[EventDate "2020.10.09"]
[EventType "tourn"]
[EventCountry "DEN"]
[SourceTitle "playchess.com"]
[Source "ChessBase"]
[SourceQuality "1"]
[TimeControl "40/5400+30:1800+30"]

1. Nf3 c6 2. b3 f5 3. Bb2 e6 4. e3 Nf6 5. d4 Be7 6. Bd3 O-O 7. Nbd2 d5 8. O-O a5 9. a4 Na6 10. c3 Bd7 11. Qe2 Be8 12. Ne5 Bh5 13. f3 Nd7 14. Nxc6 bxc6 15. Bxa6 Qb6 16. Bd3 e5 17. Qf2 c5 18. Bb5 Rad8 19. Rae1 cxd4 20. exd4 e4 21. f4 Nf6 22. h3 Bf7 23. Rc1 Nh5 24. Qe3 Qh6 25. Rcd1 g5 26. fxg5 Bxg5 27. Qe1 Be3+ 28. Kh1 f4 29. Ba3 Ng3+ 30. Kh2 Rfe8 31. Rg1 Re6 32. Nf1 Bxg1+ 33. Kxg1 Rg6 34. Kh2 Nf5 35. Bc1 Kh8 36. Qf2 Rdg8 37. Bd7 Rxg2+ 38. Qxg2 Rxg2+ 39. Kxg2 f3+ 40. Kg1 Qg7+ 41. Kf2 Qg2+ 42. Ke1 Qe2# 0-1

[Event "DEN-ch KK 2020"]
[Site "Svendborg"]
[Date "2020.10.17"]
[Round "6.3"]
[White "Thuesen, Mogens"]
[Black "Thorsbro, Peter"]
[Result "0-1"]
[ECO "A25"]
[WhiteElo "2210"]
[BlackElo "2165"]
[Annotator "ChessBase"]
[PlyCount "54"]
[EventDate "2020.10.09"]
[EventType "tourn"]
[EventCountry "DEN"]
[SourceTitle "playchess.com"]
[Source "ChessBase"]
[SourceQuality "1"]
[TimeControl "40/5400+30:1800+30"]

1. c4 e5 2. Nc3 Nc6 3. g3 Nf6 4. Bg2 Bc5 5. e3 O-O 6. Nge2 a6 7. O-O h6 8. a3 Ba7 9. b4 d6 10. Qc2 Ne7 11. d4 exd4 12. Nxd4 Bxd4 13. exd4 d5 14. c5 Bf5 15. Qd1 Qd7 16. Re1 Ng6 17. a4 c6 18. Ra2 Rfe8 19. Rae2 Rxe2 20. Qxe2 Re8 21. Qf1 Rxe1 22. Qxe1 Bh3 23. Bh1 Qf5 24. Ne2 Qc2 25. a5 Bf5 26. Qd2 Qc4 27. f3 Bd3 0-1

[Event "DEN-ch KK 2020"]
[Site "Svendborg"]
[Date "2020.10.17"]
[Round "6.5"]
[White "Kakulidis, Ellen"]
[Black "Kolbak, Jens"]
[Result "1/2-1/2"]
[ECO "D02"]
[WhiteElo "2073"]
[BlackElo "2114"]
[Annotator "ChessBase"]
[PlyCount "111"]
[EventDate "2020.10.09"]
[EventType "tourn"]
[EventCountry "DEN"]
[SourceTitle "playchess.com"]
[Source "ChessBase"]
[SourceQuality "1"]
[TimeControl "40/5400+30:1800+30"]

1. d4 d5 2. Nf3 e6 3. g3 Nf6 4. Bg2 c5 5. O-O Nc6 6. c4 Be7 7. cxd5 Nxd5 8. Nc3 Nxc3 9. bxc3 O-O 10. Qd3 Qa5 11. Bg5 c4 12. Qd2 Bxg5 13. Nxg5 h6 14. Nf3 Rb8 15. a4 Bd7 16. Rfb1 Qc7 17. Qa2 Na5 18. Nd2 b6 19. e3 Bc8 20. f4 Ba6 21. Rf1 Rbc8 22. Rf2 Nb3 23. Raf1 Nxd2 24. Qxd2 Rcd8 25. f5 exf5 26. Rxf5 Bc8 27. R5f4 a6 28. Be4 Bb7 29. Bxb7 Qxb7 30. e4 Qc6 31. Qc2 b5 32. axb5 axb5 33. Qd1 Qd7 34. e5 Qd5 35. Qg4 Ra8 36. Qe2 Ra6 37. Qf3 Qxf3 38. R4xf3 b4 39. cxb4 Rd8 40. Rxf7 Rxd4 41. R7f4 Rd2 42. R4f2 Rd5 43. Re2 Re6 44. Rc1 Rdxe5 45. Rxe5 Rxe5 46. Rxc4 Re2 47. Rc7 Rb2 48. Rb7 Kh7 49. b5 Kg6 50. b6 Kf6 51. h4 g6 52. Rb8 Kf5 53. b7 Kg4 54. Rg8 Rxb7 55. Rxg6+ Kh3 56. Rxh6 1/2-1/2

[Event "DEN-ch KK 2020"]
[Site "Svendborg"]
[Date "2020.10.17"]
[Round "6.6"]
[White "Jaksland, Tim"]
[Black "Kistrup, Nicolai"]
[Result "0-1"]
[ECO "B24"]
[WhiteElo "2247"]
[BlackElo "2128"]
[Annotator "ChessBase"]
[PlyCount "126"]
[EventDate "2020.10.09"]
[EventType "tourn"]
[EventCountry "DEN"]
[SourceTitle "playchess.com"]
[Source "ChessBase"]
[SourceQuality "1"]
[TimeControl "40/5400+30:1800+30"]

1. e4 c5 2. Nc3 Nc6 3. Bb5 Nd4 4. Nf3 a6 5. Bd3 Nc6 6. O-O e6 7. a3 b5 8. b3 g5 9. Bb2 Bg7 10. Rb1 d6 11. Ne2 Bxb2 12. Rxb2 e5 13. Ng3 h5 14. c3 Qf6 15. Ne1 h4 16. Nh1 Qg6 17. a4 b4 18. Qe2 Nf6 19. Nc2 Nh5 20. g3 Nf4 21. Qe3 hxg3 22. fxg3 Qh5 23. Rf2 Nh3+ 24. Kf1 Nxf2 25. Nxf2 Qxh2 26. Qxg5 Be6 27. Ne3 Qh6 28. Qxh6 Rxh6 29. Ke2 Na5 30. Nd5 Bxd5 31. exd5 Ke7 32. Rb1 Rhh8 33. Kf3 Rhb8 34. c4 Rh8 35. Bc2 Raf8 36. Bf5 Rh2 37. g4 Rfh8 38. Kg3 f6 39. Bg6 R2h6 40. Bf5 Rh2 41. Bg6 Nb7 42. Bh5 R8xh5 43. gxh5 Rxh5 44. Kg4 Rg5+ 45. Kf3 Na5 46. Ne4 Rf5+ 47. Ke3 Rh5 48. Ng3 Rg5 49. Ne4 Rg7 50. Kf2 f5 51. Ng3 Rf7 52. Kf3 Kf6 53. d3 Rh7 54. Rb2 Kg5 55. Rb1 Rh2 56. Rg1 Kf6 57. Rb1 Rd2 58. Ke3 Rc2 59. Ne2 f4+ 60. Kf3 Rd2 61. Nc1 Rd1 62. Ke2 Rh1 63. Kd2 Kg5 0-1